 Dungeon Crawl Stone Soup version 0.30-a0-374-g95c0257 (webtiles) character file.

Game seed: 6801031445513737785

304 jagoly the Changer (level 6, 0/47 HPs)
             Began as a Human Wanderer on Nov 26, 2022.
             Slain by a centaur (1 damage)
             ... on level 5 of the Dungeon.
             The game lasted 00:17:34 (3389 turns).

jagoly the Changer (Human Wanderer)                 Turns: 3389, Time: 00:17:35

Health: 0/47       AC:  8    Str: 16    XL:     6   Next: 66%
Magic:  9/9        EV: 11    Int: 14    God:
Gold:   105        SH:  0    Dex:  9    Spells: 8/9 levels left

rFire   + . .      SeeInvis .    b - +1 dagger (venom)
rCold   . . .      Faith    .    (no shield)
rNeg    . . .      Spirit   .    n - +0 ring mail
rPois   .          Reflect  .    o - +0 helmet
rElec   .          Harm     .    (no cloak)
rCorr   .          Rampage  .    (no gloves)
Will    .....                    r - +0 pair of boots
Stlth   +.........               (no amulet)
HPRegen 0.27/turn                q - ring of protection from fire
MPRegen 0.11/turn                (no ring)

@: studying Maces & Flails
A: no striking features
a: no special abilities


You were on level 5 of the Dungeon.
You visited 1 branch of the dungeon, and saw 5 of its levels.

You collected 135 gold pieces.
You spent 30 gold pieces at shops.

Inventory:

Hand Weapons
 a - a +0 spear
 b - a +1 dagger of venom (weapon)
 j - a +0 trident
 w - a +2 flail of holy wrath
Missiles
 d - 36 stones
 g - 3 poisoned darts
 p - 5 atropa-tipped darts
Armour
 n - a +0 ring mail (worn)
 o - a +0 helmet (worn)
 r - a +0 pair of boots (worn)
Jewellery
 q - a ring of protection from fire (left hand)
Wands
 u - a wand of digging (8)
 v - a wand of mindburst (15)
Scrolls
 c - a scroll of teleportation
 e - a scroll of torment
 f - 2 scrolls of identify
 i - a scroll of enchant weapon {unknown}
 k - a scroll of vulnerability
 l - a scroll of blinking {unknown}
 m - a scroll of magic mapping {unknown}
Potions
 h - a potion of magic {unknown}
 s - 2 potions of flight {unknown}
 t - a potion of mutation {unknown}


   Skills:
 + Level 3.2 Fighting
 - Level 1.0 Polearms
 + Level 3.2 Armour
 + Level 3.3 Dodging
 - Level 2.0 Stealth
 - Level 2.0 Spellcasting
 - Level 4.0 Transmutations
 - Level 1.0 Evocations


You had 8 spell levels left.
You knew the following spells:

 Your Spells              Type           Power      Damage    Failure   Level
a - Beastly Appendage     Tmut           24%        N/A       9%          1

Your spell library contained the following spells:

 Spells                   Type           Power      Damage    Failure   Level
 Kiss of Death            Conj/Necr      4%         2d5       41%         1
 Spider Form              Tmut/Pois      7%         N/A       50%         3
 Sublimation of Blood     Necr           1%         N/A       54%         2
 Ignite Poison            Fire/Tmut/Pois 5%         N/A       61%         3
 Confusing Touch          Hex            1%         N/A       78%         3
 Gell's Gravitas          Tloc           1%         N/A       78%         3
 Kindle Blastsparks       Fire/Tloc/Air  2%         2d10      78%         3
 Lesser Beckoning         Tloc           2%         N/A       78%         3
 Ozocubu's Armour         Ice            1%         N/A       78%         3
 Teleport Other           Tloc           1%         N/A       78%         3
 Petrify                  Tmut/Erth      7%         N/A       88%         4
 Dispel Undead            Necr           1%         3d6       99%         4
 Irradiate                Conj/Tmut      3%         3d12      99%         5
 Freezing Cloud           Conj/Ice/Air   0%         6-21      100%        5
 Metabolic Englaciation   Hex/Ice        0%         N/A       100%        5
 Simulacrum               Ice/Necr       0%         N/A       100%        6


Dungeon Overview and Level Annotations

Branches:
Dungeon (5/15) Zot: 26591
 Temple: D:4-7

Altars:
Cheibriados
Dithmenos
Sif Muna

Shops:
D:2 !   D:3 (   D:4 !

Annotations:
D:2 Sigmund
D:5 exclusion: ice beast


Message History

The hobgoblin hits you.
You hit the hobgoblin.
The hobgoblin is moderately wounded.
The hobgoblin hits you.
The hobgoblin hits you but does no damage.
You hit the hobgoblin but do no damage.
The hobgoblin is moderately wounded.
The hobgoblin barely misses you. The hobgoblin closely misses you.
You hit the hobgoblin but do no damage.
The hobgoblin is moderately wounded.
The hobgoblin closely misses you. The hobgoblin hits you.
You hit the hobgoblin.
The hobgoblin is heavily wounded.
The hobgoblin hits you but does no damage.
The hobgoblin closely misses you.
You barely miss the hobgoblin.
The hobgoblin is heavily wounded.
The hobgoblin closely misses you. The hobgoblin misses you.
You hit the hobgoblin.
The hobgoblin is poisoned.
The hobgoblin is severely wounded.
You kill the hobgoblin!
The hobgoblin hits you.
You barely miss the quokka. The quokka closely misses you.
The quokka barely misses you.
The hobgoblin hits you but does no damage.
You closely miss the quokka. The quokka closely misses you.
The hobgoblin closely misses you.
You hit the quokka.
The quokka is poisoned.
The quokka is moderately wounded.
The quokka closely misses you.
The hobgoblin hits you but does no damage.
You hit the quokka but do no damage.
The quokka looks as sick as possible!
The quokka is moderately wounded.
The quokka bites you but does no damage.
The hobgoblin hits you but does no damage.
You hit the hobgoblin but do no damage.
The hobgoblin is poisoned.
You kill the quokka!
The hobgoblin closely misses you.
You hit the hobgoblin.
You kill the hobgoblin!
HP restored.
There is a broken door here.
There is an open door here.
A jelly comes into view.
Press: ? - help, v - describe, . - travel
Here: a jelly (wandering, hasn't noticed you)
The floor.
You see here a brown potion.
s - 2 brown potions (gained 1)
There is an open door here.
There is a stone staircase leading up here.
You climb upwards.
There is a stone staircase leading down here.
There is a stone staircase leading down here.
You climb downwards.
The orc shouts!
There is a stone staircase leading up here.
You hit the orc.
The orc is poisoned.
The orc is heavily wounded.
The orc closely misses you.
You hit the orc.
The orc looks as sick as possible!
The orc is heavily wounded.
You kill the orc!
No target in view!
You see here a +0 flail.
Found a stone staircase leading down.
Unknown command.
Key pressed, stopping explore.
Unknown command.
An adder comes into view.
The adder hisses angrily.
Unknown command.
Unknown command.
You miss the adder. The adder closely misses you.
You hit the adder but do no damage.
The adder is poisoned.
The adder barely misses you.
You hit the adder.
The adder is lightly wounded.
The adder bites you. The adder bites you but does no damage.
You hit the adder.
The adder looks as sick as possible!
The adder is heavily wounded.
The adder completely misses you.
You hit the adder but do no damage.
The adder looks as sick as possible!
The adder is severely wounded.
The adder bites you but does no damage.
A hound comes into view.
The hound barks!
You hit the adder.
You kill the adder!
The hound pauses to sniff the ground.
Throw: 29 stones
Press: ? - help, Shift-Dir - straight line, f - hound
Aim: a hound (41% to hit)
You throw a stone. The stone barely misses the hound.
Throw: 28 stones
Press: ? - help, Shift-Dir - straight line, f/p - hound
Aim: a hound (41% to hit)
You throw a stone.
The stone hits the hound but does no damage.
You closely miss the hound. The hound bites you but does no damage.
You miss the hound. The hound closely misses you.
The hound pauses to sniff the ground.
The hound bites you but does no damage.
You hit the hound.
The hound is poisoned.
The hound is lightly wounded.
The hound bites you.
You hit the hound.
The hound looks as sick as possible!
The hound is moderately wounded.
The hound closely misses you. The hound bites you.
You hit the hound but do no damage.
The hound looks as sick as possible!
The hound is heavily wounded.
The hound closely misses you.
You hit the hound.
The hound looks as sick as possible!
The hound is heavily wounded.
The hound closely misses you. The hound bites you.
You hit the hound.
You kill the hound!
No target in view!
HP restored.
Found a stone staircase leading down.
A hobgoblin comes into view.
Found a leather armour.
The hobgoblin shouts!
There is an open door here.
The hobgoblin hits you but does no damage.
You hit the hobgoblin but do no damage.
The hobgoblin is poisoned.
The hobgoblin closely misses you.
You barely miss the hobgoblin. The hobgoblin barely misses you.
You hit the hobgoblin.
The hobgoblin looks as sick as possible!
The hobgoblin is heavily wounded.
You kill the hobgoblin!
Key pressed, stopping explore.
No target in view!
Found an escape hatch in the ceiling.
You see here a +0 leather armour.
A quokka comes into view.
The quokka barely misses you. x2
You hit the quokka.
The quokka is poisoned.
The quokka is lightly wounded.
The quokka bites you.
You hit the quokka.
The quokka is moderately wounded.
The quokka closely misses you.
You barely miss the quokka.
The quokka is heavily wounded.
The quokka barely misses you.
You closely miss the quokka.
The quokka is heavily wounded.
The quokka bites you.
You barely miss the quokka.
The quokka is heavily wounded.
The quokka bites you.
The quokka bites you but does no damage.
You hit the quokka.
You kill the quokka!
No target in view!
There is an open door here.
You open the door.
There is an open door here.
There is an open door here.
f - 2 scrolls of identify (gained 1)
You now have 74 gold pieces (gained 11).
Found an escape hatch in the floor.
There is an open door here.
An iguana comes into view.
Found a stone staircase leading down.
The iguana hisses angrily.
The iguana bites you.
You closely miss the iguana. The iguana barely misses you.
You hit the iguana but do no damage.
The iguana is poisoned.
The iguana bites you!
You hit the iguana.
The iguana looks as sick as possible!
The iguana is lightly wounded.
The iguana bites you!
You hit the iguana but do no damage.
The iguana looks as sick as possible!
The iguana is moderately wounded.
The iguana barely misses you.
You closely miss the iguana.
The iguana is moderately wounded.
The iguana bites you but does no damage.
You barely miss the iguana.
The iguana is severely wounded.
The iguana closely misses you.
You hit the iguana but do no damage.
The iguana looks as sick as possible!
The iguana is almost dead.
You kill the iguana!
You have reached level 6!
You now have 82 gold pieces (gained 8).
There is an open door here.
A kobold comes into view. It is wielding a +0 short sword.
Found a scroll labelled QISOSKU TIAMNA.
You hit the kobold.
The kobold is poisoned.
The kobold is heavily wounded.
You kill the kobold!
No target in view!
No target in view!
Things that are here:
a +0 short sword; a kobold corpse
m - a scroll labelled QISOSKU TIAMNA
u - a wand of digging (8)
d - 31 stones (gained 4)
A hound comes into view.
The hound barks!
You completely miss the hound. The hound barely misses you.
You closely miss the hound. The hound bites you. x2
You hit the hound but do no damage. The hound bites you but does no damage.
You hit the hound.
The hound is poisoned.
The hound is lightly wounded.
The hound bites you but does no damage. x2
You barely miss the hound.
The hound is lightly wounded.
The hound closely misses you.
You closely miss the hound.
The hound is lightly wounded.
The hound barely misses you. The hound closely misses you.
You hit the hound but do no damage.
The hound is lightly wounded.
The hound bites you.
You hit the hound but do no damage.
The hound looks as sick as possible!
The hound is lightly wounded.
The hound bites you but does no damage. The hound closely misses you.
You hit the hound but do no damage.
The hound looks as sick as possible!
The hound is moderately wounded.
The hound bites you.
You barely miss the hound.
The hound is heavily wounded.
The hound barely misses you. The hound misses you.
You hit the hound but do no damage.
The hound looks as sick as possible!
The hound is heavily wounded.
The hound bites you but does no damage.
You hit the hound but do no damage.
The hound looks as sick as possible!
The hound is severely wounded.
The hound misses you. The hound barely misses you.
You barely miss the hound.
The hound is severely wounded.
The hound barely misses you.
You hit the hound but do no damage.
The hound looks as sick as possible!
The hound is almost dead.
You kill the hound!
Your Armour skill increases to level 3!
Your Dodging skill increases to level 3!
No target in view!
Unknown command.
An adder comes into view.
The adder hisses angrily.
Unknown command.
Unknown command.
You see here a hound skeleton.
There is a stone staircase leading up here.
Throw: 31 stones
Press: ? - help, Shift-Dir - straight line, f - adder
Aim: an adder (32% to hit)
You throw a stone.
The stone hits the adder but does no damage.
The adder bites you but does no damage. The adder closely misses you.
You climb upwards.
There is a stone staircase leading down here.
You hit the adder.
The adder is poisoned.
The adder is moderately wounded.
The adder barely misses you.
You closely miss the adder.
The adder is heavily wounded.
The adder bites you but does no damage. The adder misses you.
You closely miss the adder.
The adder is almost dead.
You kill the adder!
Your Fighting skill increases to level 3!
No target in view!
Unknown command.
There is a stone staircase leading down here.
You climb downwards.
There is a stone staircase leading up here.
There is an open door here.
There is a stone staircase leading down here.
Unknown command.
Found 11 gold pieces.
Found 6 stones.
You now have enough gold to buy a potion of ambrosia on this level, buy a potion of cancellation on this level, buy a potion of invisibility on this level, or buy a potion of mutation on this level.
You can access your shopping list by pressing '$'.
You now have 93 gold pieces (gained 11).
d - 36 stones (gained 6)
There is a stone staircase leading down here.
Okay, then.
You climb downwards.
There is a stone staircase leading up here.
An ice beast comes into view.
Press: ? - help, v - describe, . - travel
Here: an ice beast (asleep)
The floor.
Placed new exclusion.
A quokka comes into view.
You hit the quokka but do no damage.
The quokka is poisoned.
Your punch misses the quokka. The quokka bites you.
You hit the quokka.
The quokka looks as sick as possible!
The quokka is heavily wounded.
You kill the quokka!
No target in view!
No target in view!
HP restored.
You see here a quokka corpse.
Found a stone staircase leading down.
Unknown command.
Found a stone staircase leading down.
Unknown command.
A hound comes into view.
Found a shimmering blue altar of Sif Muna.
The hound barks!
Found a copper wand.
You closely miss the hound. The hound barely misses you.
You miss the hound.
The hound bites you but does no damage. x2
You hit the hound.
The hound is poisoned.
The hound is moderately wounded.
The hound misses you.
You hit the hound.
The hound looks as sick as possible!
The hound is moderately wounded.
The hound closely misses you. The hound bites you but does no damage.
You closely miss the hound.
The hound is moderately wounded.
The hound barely misses you.
You hit the hound but do no damage.
The hound looks as sick as possible!
The hound is heavily wounded.
The hound bites you but does no damage. x2
You hit the hound but do no damage.
The hound looks as sick as possible!
The hound is heavily wounded.
The hound bites you.
You hit the hound.
The hound looks as sick as possible!
The hound is severely wounded.
The hound barely misses you.
The hound stops to sniff the ground.
The hound closely misses you.
You miss the hound.
The hound is almost dead.
You kill the hound!
No target in view!
You now have 105 gold pieces (gained 12).
An orc comes into view.
It is wielding a +2 flail of holy wrath.
You see here a wand of mindburst (16).
v - a wand of mindburst (16)
Press: ? - help, v - describe, . - travel
Here: an orc, wielding a +2 flail of holy wrath The floor.
You closely miss the orc. The orc barely misses you.
Unknown command.
You hit the orc.
The orc is poisoned.
The orc is moderately wounded.
The orc hits you with a +2 flail of holy wrath.
You barely miss the orc.
The orc is moderately wounded.
The orc hits you but does no damage.
You hit the orc.
The orc looks as sick as possible!
The orc is heavily wounded.
The orc closely misses you.
You closely miss the orc.
The orc is severely wounded.
You kill the orc!
You see here a +2 flail of holy wrath.
w - a +2 flail of holy wrath A dart slug comes into view.
The dart slug launches a dart at you. The slug dart hits you.
Unknown command.
Unknown command.
The dart slug launches a dart at you. The slug dart hits you.
Unknown command.
The dart slug launches a dart at you.
The slug dart hits you but does no damage.
You hit the dart slug.
The dart slug is poisoned.
The dart slug is moderately wounded.
The dart slug bites you but does no damage.
You hit the dart slug.
The dart slug looks as sick as possible!
The dart slug is severely wounded.
You kill the dart slug!
Okay, then.
Aiming: Mindburst
Press: ? - help, Shift-Dir - straight line, f - ice beast
Aim: an ice beast (chance to affect: 69%)
The ice beast struggles to resist.
A water moccasin comes into view.
Okay, then.
Unknown command.
Okay, then.
An ice beast is nearby!
Unknown command.
Unknown command.
Unknown command.
Unknown command.
Unknown command.
Found a stone staircase leading up.
There is a stone staircase leading up here.
You climb upwards.
There is a stone staircase leading down here.
A jelly is nearby!
Unknown command.
The jelly quivers.
A jelly is nearby!
There is a stone staircase leading down here.
You climb downwards.
Level annotation: exclusion: ice beast An iguana comes into view.
There is a stone staircase leading up here.
You barely miss the iguana.
The iguana hisses angrily.
The iguana completely misses you.
You hit the iguana.
The iguana is poisoned.
The iguana is lightly wounded.
The iguana closely misses you.
You hit the iguana but do no damage.
The iguana looks as sick as possible!
The iguana is lightly wounded.
The iguana bites you.
You closely miss the iguana.
The iguana is heavily wounded.
The iguana bites you!
You hit the iguana but do no damage.
The iguana looks as sick as possible!
The iguana is severely wounded.
A centaur comes into view.
The iguana bites you!
The centaur moves out of view.
Unknown command.
Unknown command.
You feel a bit more experienced.
The centaur wields a +0 shortbow.
The centaur shoots an arrow.
The arrow hits you!
Unknown command.
The centaur shoots an arrow.
The arrow hits you!
* * * LOW HITPOINT WARNING * * *
Unknown command.
Unknown command.
Okay, then.
The centaur unwields a +0 shortbow.
The centaur hits you but does no damage.
The centaur kicks you but does no damage.
Unknown command.
You hit the centaur.
The centaur is lightly wounded.
The centaur hits you but does no damage.
The centaur kicks you but does no damage.
The centaur hits you.
* * * LOW HITPOINT WARNING * * *
The centaur kicks you but does no damage.
You hit the centaur but do no damage.
The centaur is poisoned.
The centaur is lightly wounded.
The centaur barely misses you. The centaur kicks you.
* * * LOW HITPOINT WARNING * * *
You hit the centaur but do no damage.
The centaur looks even sicker.
The centaur is lightly wounded.
The centaur completely misses you. The centaur barely misses you.
The centaur drinks a potion.
The centaur is healed!
The centaur looks more healthy.
You hit the centaur.
The centaur is poisoned.
The centaur is lightly wounded.
The centaur hits you.
* * * LOW HITPOINT WARNING * * *
The centaur kicks you but does no damage.
You barely miss the centaur.
The centaur is lightly wounded.
The centaur misses you.
The centaur kicks you but does no damage.
The centaur closely misses you. The centaur misses you.
You barely miss the centaur.
The centaur is lightly wounded.
The centaur hits you.
* * * LOW HITPOINT WARNING * * *
The centaur kicks you but does no damage.
You hit the centaur but do no damage.
The centaur looks even sicker.
The centaur is moderately wounded.
The centaur completely misses you. The centaur closely misses you.
The centaur misses you. The centaur kicks you.
* * * LOW HITPOINT WARNING * * *
You hit the centaur but do no damage.
The centaur looks as sick as possible!
The centaur is heavily wounded.
The centaur hits you but does no damage.
The centaur kicks you but does no damage.
You hit the centaur.
The centaur looks as sick as possible!
The centaur is severely wounded.
The centaur closely misses you.
The centaur kicks you but does no damage.
The centaur hits you.
* * * LOW HITPOINT WARNING * * *
The centaur kicks you but does no damage.
You hit the centaur but do no damage.
The centaur looks as sick as possible!
The centaur is severely wounded.
The centaur hits you but does no damage.
The centaur kicks you but does no damage.
Unknown command.
You hit the centaur but do no damage.
The centaur looks as sick as possible!
The centaur is almost dead.
The centaur hits you.
* * * LOW HITPOINT WARNING * * *
The centaur kicks you.
* * * LOW HITPOINT WARNING * * *
The centaur barely misses you.
The centaur kicks you but does no damage.
Unknown command.
You hit the centaur but do no damage.
The centaur looks as sick as possible!
The centaur is almost dead.
The centaur hits you but does no damage.
The centaur kicks you.
You die...

##. .. #..#.#. .. ..
..>....#. .. .#
########. .#. ### #.
... ..###### #. #.#
#.#....####### #.#
#.#....#...... #.#
#.#....#......
#.#@###.#....#......
#..c..<............
#..##..#....#......
#...l.......#.#####
#.####......#.# #.
##.#####.# #. #.#
#.# #. #.# #.# ...
.#


You could see a centaur (extremely poisoned).

Vanquished Creatures
  3 hounds
  2 iguanas
  An orc wizard (D:4)
  4 adders
  A worm (D:3)
  A dart slug (D:5)
  8 orcs
  4 endoplasms
  A giant cockroach (D:2)
  4 goblins (D:3)
  14 hobgoblins
  4 jackals (D:3)
  6 kobolds
  7 quokkas
  8 ball pythons
  8 bats
  6 frilled lizards
  6 rats
88 creatures vanquished.

Vanquished Creatures (others)
  12 toadstools (D:2)
12 creatures vanquished.

Grand Total: 100 creatures vanquished

Notes
Turn   | Place    | Note
-------+----------+-------------------------------------------
     0 | D:1      | jagoly the Human Wanderer began the quest for the Orb.
     0 | D:1      | jagoly set off with the following items: a +0 spear, a +0
                  | scale mail, a scroll of teleportation; and the following
                  | spell memorised: Beastly Appendage; and the following
                  | spells available to memorise: Spider Form, Ignite Poison.
     0 | D:1      | Reached XP level 1. HP: 13/13 MP: 3/3
   223 | D:1      | Reached skill level 1 in Fighting
   223 | D:1      | Reached skill level 1 in Dodging
   223 | D:1      | Reached XP level 2. HP: 21/21 MP: 5/5
   592 | D:1      | Reached XP level 3. HP: 22/26 MP: 6/6
   942 | D:2      | Noticed Sigmund
  1041 | D:2      | Found Nyrimiwn's Distillery.
  1046 | D:2      | Bought a potion of curing for 30 gold pieces
  1118 | D:2      | Found a snail-covered altar of Cheibriados.
  1403 | D:2      | Reached XP level 4. HP: 32/32 MP: 5/7
  1979 | D:3      | Reached XP level 5. HP: 38/38 MP: 8/8
  2006 | D:3      | Found Tony's Antique Weapon Shop.
  2157 | D:4      | Found Hestrieg's Distillery.
  2165 | D:4      | Found a shadowy altar of Dithmenos.
  2825 | D:4      | Reached XP level 6. HP: 27/46 MP: 9/9
  3127 | D:5      | Entered Level 5 of the Dungeon
  3150 | D:5      | Noticed an ice beast
  3244 | D:5      | Found a shimmering blue altar of Sif Muna.
  3299 | D:5      | Noticed a water moccasin
  3388 | D:5      | HP: 1/47 [centaur (3)]
  3389 | D:5      | Slain by a centaur

Illustrated notes

Levels and vault maps discovered:
D:1:      matt_arrival_grand_opening, layout_loops_corners
D:2:      cheibrodos_fertilizer, layout_basic, serial_shops,
          nicolae_shop_hallway_plus, nicolae_shop_trees, basic_altar,
          st_stairs_2, minmay_misc_feat_x, minmay_unequal, uniq_sigmund
D:3:      layout_basic, serial_shops, shop
D:4:      layout_gridville, grunt_dithmenos_smoke_and_mirrors, serial_shops,
          shop, serial_park_tiny_1
D:5:      wad_pebble_path, layout_basic, old_standard_altar, chei_slow_surprise,
          mainiacjoe_overflow_brackets

Skill      XL: |  1  2  3  4  5  6 |
---------------+-------------------+-----
Fighting       | 1 2 3 |  3.2
Dodging        | 1 2 3 |  3.3
Stealth        | 2 |  2.0
Armour         | 2 3 |  3.2
Polearms       | |  1.0
Spellcasting   | |  2.0
Transmutations | |  4.0
Evocations     | |  1.0

Action                   |  1- 3 |  4- 6 || total
-------------------------+-------+-------++-------
Melee: Spear             |   165 |   179 ||   344
       Kick              |     3 |     3 ||     6
       Headbutt          |       |     2 ||     2
       Dagger            |       |   102 ||   102
       Punch             |       |     2 ||     2
Throw: Stone             |       |     4 ||     4
 Cast: Beastly Appendage |     2 |     2 ||     4
Evoke: Wand              |       |     1 ||     1
  Use: Scroll            |       |     4 ||     4
       Potion            |       |     1 ||     1
Armor: Scale mail        |    60 |       ||    60
       Ring mail         |     9 |   108 ||   117
Dodge: Dodged            |    81 |   150 ||   231

Table legend: (Time is in decaauts)
 A = Elapsed time spent in this place.
 B = Non-inter-level travel time spent in this place.
 C = Inter-level travel time spent in this place.
 D = Time resting spent in this place.
 E = Time spent auto-exploring this place.
 F = Levels seen in this place.
 G = Mean time per level.
                   A        B        C        D        E       F      G
               +--------+--------+--------+--------+--------+-----+--------+
         Total |   3407 |   3153 |    254 |    110 |   1824 |   5 |  681.4 |
       Dungeon |   3407 |   3153 |    254 |    110 |   1824 |   5 |  681.4 |
               +--------+--------+--------+--------+--------+-----+--------+

Top non-repeatable levels by time:
     D:1: 919 daAuts
     D:4: 879 daAuts
     D:3: 834 daAuts
     D:2: 552 daAuts
     D:5: 220 daAuts
